 Dungeon Crawl Stone Soup version 0.23-a0-143-g1adec7b (webtiles) character file.

43 Amnesiac the Magician (level 3, 0/24 HPs)
             Began as a Mummy Wanderer on Sept 3, 2018.
             Slain by an orc
             ... wielding a +0 hand axe
              (2 damage)
             ... on level 3 of the Dungeon.
             The game lasted 00:01:42 (317 turns).

Amnesiac the Magician (Mummy Wanderer)               Turns: 317, Time: 00:01:43

Health: 0/24       AC:  6    Str: 15    XL:     3   Next: 37%
Magic:  10/10      EV: 11    Int: 11    God:
Gold:   47         SH:  0    Dex: 12    Spells: 13/13 levels left

rFire    x . .     SeeInvis .   c - +0 club
rCold    + . .     Gourm    .   (no shield)
rNeg     + + +     Faith    .   a - +2 leather armour
rPois    ∞         Spirit   .   f - +0 helmet
rElec    .         Reflect  .   (no cloak)
rCorr    .         Harm     .   (no gloves)
MR       .....                  (no boots)
Stlth    ++........             (no amulet)
HPRegen  0.08/turn              (no ring)
MPRegen  0.12/turn              (no ring)

@: no status effects
A: no food or potions, fire vulnerability, cold resistance 1, negative energy
resistance 3, torment resistance, unbreathing
a: no special abilities


You were on level 3 of the Dungeon.
You were not hungry.

You visited 1 branch of the dungeon, and saw 3 of its levels.

You collected 47 gold pieces.

Inventory:

Hand Weapons
 c - a +0 club (weapon)
 d - a +0 dagger
Armour
 a - a +2 leather armour (worn)
 f - a +0 helmet (worn)
Wands
 i - a wand of disintegration (6)
Scrolls
 b - 3 scrolls of teleportation {!r}
 e - a scroll of remove curse {!r, unknown}
 g - a scroll of amnesia {!r}
 h - a scroll of fog {!r, unknown}
 j - a scroll of identify {!r, unknown}


   Skills:
 - Level 1.0 Dodging
 - Level 3.2 Stealth
 + Level 5.7 Spellcasting
   Level 1.5 Ice Magic


You had 13 spell levels left.
You didn't know any spells.
Your spell library was empty.

Dungeon Overview and Level Annotations

Branches:
Dungeon (3/15)

Altars:

Annotations:
D:2 Natasha


Innate Abilities, Weirdness & Mutations

You do not eat or drink.
Your flesh is vulnerable to fire.
You are immune to poison.
Your flesh is cold resistant. (rC+)
You are immune to negative energy. (rN+++)
You are immune to unholy pain and torment.
You can survive without breathing.


Message History

Press: ? - help, Shift-Dir - straight line, f - orc priest
Aim: an orc priest, wielding a flail and wearing a leather armour (resting, The orc priest shouts!
The orc priest struggles to resist.
You hear a shout!
Evoke which item? (* to show all) (? for menu, Esc to quit)
Aiming: Disintegrate
Press: ? - help, Shift-Dir - straight line, f/p - orc priest
Aim: an orc priest, wielding a flail and wearing a leather armour (chance to The orc priest is blasted.
You blow up the orc priest!
Your Spellcasting skill increases to level 5!
You have reached level 3!
Your experience leads to an increase in your attributes!
Increase (S)trength, (I)ntelligence, or (D)exterity?
You feel clever.
You start resting.
An orc comes into view. It is wielding a hand axe.
The orc closely misses you.
You closely miss the orc. The orc hits you with a hand axe.
You hit the orc but do no damage. The orc completely misses you.
The orc hits you with a hand axe.
You hit the orc but do no damage.
An orc comes into view. It is wielding a trident.
The orc barely misses you.
The orc shouts!
You hit the orc.
The orc is severely wounded.
The orc closely misses you.
You closely miss the orc.
The orc is severely wounded.
The orc misses you. The orc hits you but does no damage.
The orc closely misses you.
You hit the orc.
The orc is almost dead.
The orc hits you but does no damage.
The orc hits you from afar with a trident.
You hit the orc but do no damage.
The orc is almost dead.
The orc hits you with a hand axe.
* * * LOW HITPOINT WARNING * * *
The orc hits you from afar with a trident.
* * * LOW HITPOINT WARNING * * *
You are too injured to fight recklessly!
You are too injured to fight recklessly!
You are too injured to fight recklessly!
You are too injured to fight recklessly!
You are too injured to fight recklessly!
You are too injured to fight recklessly!
You are too injured to fight recklessly!
You are too injured to fight recklessly!
You are too injured to fight recklessly!
You are too injured to fight recklessly!
You closely miss the orc.
The orc is almost dead.
The orc barely misses you.
The orc hits you from afar with a trident.
* * * LOW HITPOINT WARNING * * *
The orc hits you with a hand axe.
* * * LOW HITPOINT WARNING * * *
You hit the orc but do no damage.
The orc is almost dead.
The orc hits you but does no damage. The orc hits you with a hand axe.
You die...

#############
################........†..(
#..............#.##########.
?.......###.###..###### #. .
#.# #.# #†......# #.
!...##)###.###..####.#####.
...............†............
#.##.##..o....####.#######..
# #.###@#.# .# #.. #.# #o#.#
# #.. ... ..... #.#
.........## #.# ....###....
#[# ##... ###### .#######.#
.........# ###...##.#
#.#..%...


You could see 2 orcs.

Vanquished Creatures
  An orc priest (D:3)
  An adder zombie (D:3)
  3 bats
  A giant cockroach (D:3)
  2 hobgoblins (D:2)
  A frilled lizard (D:3)
9 creatures vanquished.

Notes
Turn   | Place    | Note
-------+----------+-------------------------------------------
     0 | D:1      | Amnesiac the Mummy Wanderer began the quest for the Orb.
     0 | D:1      | Amnesiac set off with: a +2 leather armour, 2 scrolls of
                  | teleportation {!r}, a +0 club, a +0 dagger
     0 | D:1      | Reached XP level 1. HP: 13/13 MP: 5/5
   178 | D:2      | Noticed Natasha
   267 | D:3      | Reached XP level 2. HP: 19/19 MP: 7/7
   293 | D:3      | Reached skill level 5 in Spellcasting
   293 | D:3      | Reached XP level 3. HP: 22/24 MP: 8/10
   316 | D:3      | HP: 1/24 [orc/hand axe (4)]
   317 | D:3      | Slain by an orc

Vault maps used:
D:1:      ebering_trefoil_3fold
D:2:      cheibrodos_fertilizer, lemuel_coloured_pillars_altar,
          chequers_ecumenical_altar_lobes, uniq_terence, uniq_natasha

Skill      XL: |  1  2 |
---------------+-------+-----
Spellcasting   | 5 |  5.7
Dodging        | |  1.0
Stealth        | |  3.2
Ice Magic      | |  1.5

Action                   || total
-------------------------++-------
Melee: Club              ||    45
Evoke: Wand              ||     2
  Use: Scroll            ||     1
 Stab: Sleeping          ||     2
Armor: Leather armour    ||    15
Dodge: Dodged            ||    35

Table legend:
 A = Non-vault XP
 B = Vault XP
 C = Vault XP percentage of total XP
 D = Non-vault monster count
 E = Vault monster count
 F = Vault count percentage of total count
                 A         B        C        D         E       F
            +---------+---------+-------+---------+---------+-------
      Total |      62 |       0 |   0.0 |       9 |       0 |   0.0
            +---------+---------+-------+---------+---------+-------
        D:1 |       2 |       0 |   0.0 |       1 |       0 |   0.0
        D:2 |       6 |       0 |   0.0 |       3 |       0 |   0.0
        D:3 |      54 |       0 |   0.0 |       5 |       0 |   0.0
            +---------+---------+-------+---------+---------+-------
